 Dungeon Crawl Stone Soup version 0.17-a0-1550-g78a4890 (webtiles) character file.

6251 Chiseanne the Nimble (level 10, -4/80 HPs)
             Began as a Demonspawn Wanderer on July 19, 2015.
             Was an Initiate of Gozag.
             Slain by a small abomination (11 damage)
             ... on level 1 of the Abyss.
             The game lasted 00:37:23 (11561 turns).

Chiseanne the Nimble (Demonspawn Wanderer)         Turns: 11561, Time: 00:37:23

Health: -4/80      AC: 17    Str: 14      XL:     10   Next: 62%
Magic:  11/11      EV: 10    Int: 11 (14) God:    Gozag
Gold:   1045       SH:  0    Dex: 13 (14) Spells: 0 memorised, 11 levels left

rFire  . . .     SeeInvis .     t - +0 whip (elec)
rCold  + . .     Clarity  .     x - +3 chain mail {rC+}
rNeg   . . .     SustAt   .     (no shield)
rPois  .         Gourm    .     (helmet restricted)
rElec  .         Spirit   .     m - +1 cloak
rCorr  .         Warding  .     (gloves unavailable)
rMut   .         Stasis   .     r - +0 pair of boots
MR     .....                    (no amulet)
Stlth  ..........               (no ring)
                                y - ring of flight

@: flying, not resistant to hostile enchantments, extremely unstealthy
A: antennae 1, claws 3, talons 2, demonic guardian 2, deterioration 1
a: Potion Petition, Call Merchant, Bribe Branch, Renounce Religion


You were on level 1 of the Abyss.
You worshipped Gozag.
Gozag was noncommittal.
You were not hungry.

You visited 2 branches of the dungeon, and saw 9 of its levels.
You visited the Abyss 1 time.
You also visited: Sewer.

You collected 1986 gold pieces.
You spent 410 gold pieces at shops.
You paid 531 gold pieces to Gozag.

Inventory:

Hand weapons
 a - a +3 whip of draining
 d - a +2 flail of crushing
 e - a +2 hunting sling of velocity
 o - a +2 scimitar of slicing
 s - a +2 whip of venom
 t - a +0 whip of electrocution (weapon)
Missiles
 h - 187 arrows
 j - 8 poisoned needles
 p - 8 tomahawks (quivered)
 u - 51 sling bullets
Armour
 m - a +1 cloak (worn)
 r - a +0 pair of boots (worn)
 x - a +3 chain mail of cold resistance (worn)
 C - a +0 chain mail of magic resistance
Jewellery
 y - a ring of flight (left claw)
 E - an uncursed ring of protection from cold {unknown}
Scrolls
 f - a scroll of amnesia
 n - 6 scrolls of remove curse
 v - 2 scrolls of teleportation
 w - a scroll of blinking
 F - 2 scrolls of identify
Potions
 b - a potion of curing
 c - 3 potions of lignification
 g - a potion of cure mutation
 i - 2 potions of magic
 k - 3 potions of flight
 l - a potion of brilliance
Comestibles
 z - 2 beef jerkies
 A - 5 bread rations
 B - 10 slices of pizza
 D - 4 meat rations


   Skills:
 + Level 7.7 Fighting
 * Level 8.3 Armour
 + Level 9.5 Dodging
 - Level 1.7 Stealth
   Level 1.0 Shields
 * Level 3.8 Unarmed Combat
 - Level 1.0 Spellcasting
   Level 1.0 Air Magic
   Level 1.0 Poison Magic
 - Level 1.0 Evocations


You had 11 spell levels left.
You didn't know any spells.

Dungeon Overview and Level Annotations

Branches:
Dungeon (8/15)             Temple (1/1) D:4
   Lair: D:8-11

Altars:
Elyvilon
Fedhas
Gozag
Kikubaaqudgha
Makhleb
Nemelex Xobeh
Okawaru
Ru
Trog
Vehumet
The Shining One

Annotations:
D:8 Psyche


Innate Abilities, Weirdness & Mutations

You have a pair of small antennae on your head.
You have claws for hands.
You have razor-sharp toenails.
A demonic guardian rushes to your aid.
Your body sometimes deteriorates upon taking damage.


Message History

A small abomination comes into view.
The small abomination hits you.
Found a shiny helmet.
The small abomination barely misses you.
The small abomination hits you!
* * * LOW HITPOINT WARNING * * *
Your body deteriorates!
You feel clumsy.
Something tramples your soul eater but does no damage.
Something misses your soul eater.
You see here a scroll of identify.
F - 2 scrolls of identify (gained 1)
The small abomination hits you!
* * * LOW HITPOINT WARNING * * *
Your soul eater hits the small abomination.
You hit the small abomination but do no damage.
There is a sudden explosion of sparks!
The small abomination is severely damaged.
The small abomination hits you!
You die...
Your body crumbles into a pile of gold.

#.# .. ...#..# #
.# ....
..#..#..#. . . #
# ##.###..#.#.#
.# .##. .# ..
#.#3#.X #.#.. #
#X .. ##.#......#
.# #.. #.#..#..##
. #R. #..3## .. .
# #.[...##x##.##
.#......#@.#
..#.....##.......
# ##.#....
.#..### ...#...#
.# ..# # ##.# #.
..# ## . .. .# .
..


You could see a small abomination and a friendly soul eater.

Vanquished Creatures
  A shadow (Abyss:1)
  A hog (D:7)
  A large abomination (Abyss:1)
  Eustachio (D:5)
  A yak (D:7)
  Duvessa (D:5)
  A necrophage (D:6)
  2 orc warriors
  A sky beast (D:5)
  A phantom (D:7)
  An ice beast (D:6)
  3 ogres
  A centaur (D:7)
  Blork the orc (D:6)
  A giant frog (D:7)
  Dowan (D:5)
  2 scorpions
  3 wights (D:7)
  2 crimson imps (D:5)
  4 orc wizards
  A giant frog zombie (D:8)
  2 orc priests (D:7)
  A quasit (D:6)
  3 jellies
  A giant frog skeleton (D:4)
  2 hounds
  3 iguanas
  A siren (Sewer)
  6 worker ants
  A merfolk avatar (Sewer)
  A killer bee zombie (D:7)
  A sheep (D:7)
  A small abomination (Abyss:1)
  A hound zombie (D:6)
  17 adders
  3 river rats (Sewer)
  A shadow imp (D:6)
  3 oozes
  An adder zombie (D:8)
  3 worms
  An adder skeleton (D:7)
  8 giant geckos
  24 orcs
  9 ball pythons
  16 bats
  A bat skeleton (D:6)
  11 hobgoblins
  22 jackals
  10 kobolds
  7 quokkas
  10 giant cockroaches
  5 giant newts
  14 goblins
  33 rats
254 creatures vanquished.

Vanquished Creatures (collateral kills)
  A tentacled starspawn (Abyss:1)
  A great orb of eyes (Abyss:1)
  Pikel (D:8)
  Joseph (D:7)
  3 ancient zymes (Abyss:1)
  A wyvern (D:6)
  A human (D:7)
  Grum (D:8)
  A fire bat (Abyss:1)
  3 golden eyes (Abyss:1)
  3 wolves (D:8)
  An ice beast (D:6)
  2 orc warriors
  A black bear (D:5)
  3 small abominations (Abyss:1)
  An ogre (D:4)
  A crimson imp (D:6)
  An orc priest (D:8)
  2 hounds (D:4)
  A sheep (D:7)
  A white imp (Abyss:1)
  2 orcs
  A bat skeleton (D:8)
  A hobgoblin (D:7)
  A jackal (D:8)
  A kobold (D:4)
  3 starspawn tentacles (Abyss:1)
40 creatures vanquished.

Vanquished Creatures (others)
  A small abomination (Abyss:1)
  A giant frog (D:8)
  3 fungi (D:5)
  8 starspawn tentacles (Abyss:1)
  272 starspawn tentacle segments (Abyss:1)
285 creatures vanquished.

Grand Total: 579 creatures vanquished

Notes
Turn   | Place    | Note
--------------------------------------------------------------
     0 | D:1      | Chiseanne the Demonspawn Wanderer began the quest for the Orb.
     0 | D:1      | Chiseanne set off with: a +2 spear, a potion of curing, a potion of lignification, a +0 robe, a +0 dagger, a bread ration
     0 | D:1      | Reached XP level 1. HP: 18/18 MP: 2/2
   429 | D:1      | Gained mutation: A weak demonic guardian rushes to your aid. [demonic ancestry]
   429 | D:1      | Reached XP level 2. HP: 17/24 MP: 3/3
   706 | D:1      | Reached skill level 1 in Dodging
   939 | D:1      | Gained mutation: You have sharp fingernails. [demonic ancestry]
   939 | D:1      | Reached XP level 3. HP: 25/30 MP: 4/4
   995 | D:1      | Reached skill level 4 in Fighting
  1561 | D:2      | Gained mutation: You have very sharp fingernails. [demonic ancestry]
  1561 | D:2      | Reached XP level 4. HP: 34/37 MP: 5/5
  2048 | D:3      | Found an ancient bone altar of Kikubaaqudgha.
  2071 | D:3      | Found a radiant altar of Vehumet.
  2202 | D:3      | Found a glowing golden altar of the Shining One.
  2257 | D:3      | Found an iron altar of Okawaru.
  2597 | D:3      | Found an opulent altar of Gozag.
  2624 | D:3      | Became a worshipper of Gozag Ym Sagoz the Greedy
  2629 | D:3      | Gained mutation: You have sharp toenails. [demonic ancestry]
  2629 | D:3      | Reached XP level 5. HP: 43/43 MP: 6/6
  3917 | D:4      | Found a blossoming altar of Fedhas.
  3929 | D:4      | Gained mutation: You have a pair of small antennae on your head. [demonic ancestry]
  3929 | D:4      | Reached XP level 6. HP: 45/49 MP: 7/7
  3934 | D:4      | Found a burning altar of Makhleb.
  4169 | D:4      | Noticed an ogre
  4181 | D:4      | HP: 1/50 [ogre/giant club (20)]
  4182 | D:4      | Killed an ogre
  4523 | D:4      | Noticed an ogre
  4627 | D:4      | Killed an ogre
  4627 | D:4      | Reached skill level 5 in Fighting
  4627 | D:4      | Reached skill level 5 in Dodging
  4678 | D:4      | Found a staircase to the Ecumenical Temple.
  4684 | Temple   | Entered the Ecumenical Temple
  4708 | D:4      | Found a bloodstained altar of Trog.
  4729 | D:4      | Noticed an ogre
  4742 | D:4      | Killed an ogre
  4742 | D:4      | Reached XP level 7. HP: 53/56 MP: 8/8
  5279 | D:5      | Entered Level 5 of the Dungeon
  5356 | D:5      | Noticed Dowan
  5357 | D:5      | Noticed Duvessa
  5364 | D:5      | Killed Duvessa
  5364 | D:5      | Reached skill level 6 in Dodging
  5373 | D:5      | Killed Dowan
  5690 | D:5      | Reached skill level 7 in Dodging
  5931 | D:5      | Found a white marble altar of Elyvilon.
  6126 | D:5      | Gained mutation: A demonic guardian rushes to your aid. [demonic ancestry]
  6126 | D:5      | Reached XP level 8. HP: 57/63 MP: 9/9
  6162 | D:5      | Noticed Eustachio
  6174 | D:5      | Killed Eustachio
  6193 | D:5      | Found a blossoming altar of Fedhas.
  6593 | D:6      | Noticed Blork the orc
  6604 | D:6      | Killed Blork the orc
  6630 | D:6      | Reached skill level 1 in Armour
  6649 | D:6      | Reached skill level 8 in Dodging
  6912 | D:6      | Found a glowing drain.
  6940 | Sewer    | Entered a sewer
  7300 | Sewer    | Noticed a drowned soul
  7303 | Sewer    | Noticed a drowned soul
  7304 | Sewer    | Noticed a drowned soul
  7305 | Sewer    | Noticed a drowned soul
  7305 | Sewer    | Killed a drowned soul
  7308 | Sewer    | Killed a drowned soul
  7309 | Sewer    | Noticed a drowned soul
  7314 | Sewer    | Noticed a drowned soul
  7314 | Sewer    | Noticed a drowned soul
  7314 | Sewer    | Killed a drowned soul
  7315 | Sewer    | Noticed a drowned soul
  7316 | Sewer    | Noticed a drowned soul
  7318 | Sewer    | Noticed a drowned soul
  7319 | Sewer    | Noticed a drowned soul
  7320 | Sewer    | Noticed a drowned soul
  7322 | Sewer    | Noticed a drowned soul
  7323 | Sewer    | Killed a drowned soul
  7323 | Sewer    | Killed a drowned soul
  7324 | Sewer    | Noticed a drowned soul
  7325 | Sewer    | Noticed a drowned soul
  7326 | Sewer    | Noticed a drowned soul
  7327 | Sewer    | Killed a drowned soul
  7328 | Sewer    | Noticed a drowned soul
  7328 | Sewer    | Killed a drowned soul
  7329 | Sewer    | Noticed a drowned soul
  7330 | Sewer    | Noticed a drowned soul
  7330 | Sewer    | Noticed a drowned soul
  7330 | Sewer    | Noticed a drowned soul
  7331 | Sewer    | Killed a drowned soul
  7331 | Sewer    | Killed a drowned soul
  7331 | Sewer    | Killed a drowned soul
  7334 | Sewer    | Noticed a drowned soul
  7467 | D:7      | Found Yropn's Food Shoppe.
  7479 | D:7      | Bought a beef jerky for 16 gold pieces
  7479 | D:7      | Bought a bread ration for 55 gold pieces
  7479 | D:7      | Bought a beef jerky for 16 gold pieces
  7479 | D:7      | Bought a slice of pizza for 16 gold pieces
  7479 | D:7      | Bought 3 fruits for 49 gold pieces
  7479 | D:7      | Bought a meat ration for 55 gold pieces
  7479 | D:7      | Bought a meat ration for 55 gold pieces
  7479 | D:7      | Bought a slice of pizza for 16 gold pieces
  7479 | D:7      | Bought a royal jelly for 22 gold pieces
  7479 | D:7      | Bought a meat ration for 55 gold pieces
  7479 | D:7      | Bought a bread ration for 55 gold pieces
  7662 | D:6      | Gained mutation: You have claws for hands. [demonic ancestry]
  7662 | D:6      | Reached XP level 9. HP: 67/71 MP: 10/10
  7979 | D:6      | Reached skill level 1 in Unarmed Combat
  8575 | D:7      | Reached skill level 9 in Dodging
  9012 | D:7      | Noticed Joseph
  9022 | D:7      | Killed Joseph
  9120 | D:7      | Reached skill level 5 in Armour
 10197 | D:8      | Noticed Grum
 10221 | D:8      | Killed Grum
 10404 | D:8      | Noticed Pikel
 10418 | D:8      | Killed Pikel
 10418 | D:8      | Gained mutation: You have razor-sharp toenails. [demonic ancestry]
 10418 | D:8      | Reached XP level 10. HP: 79/79 MP: 11/11
 10478 | D:8      | Noticed Psyche
 10491 | D:8      | Cast into the Abyss (Psyche)
 10564 | Abyss:1  | Noticed a bone dragon
 10591 | Abyss:1  | Found a corrupted altar of Lugonu.
 10871 | Abyss:1  | Noticed a great orb of eyes
 10873 | Abyss:1  | HP: 2/79 [insubstantial wisp/static electricity (9)]
 11275 | Abyss:1  | Noticed a great orb of eyes
 11287 | Abyss:1  | Killed a great orb of eyes
 11289 | Abyss:1  | Noticed a tentacled starspawn
 11497 | Abyss:1  | Noticed a tentacled starspawn
 11500 | Abyss:1  | Noticed a thrashing horror
 11502 | Abyss:1  | Gained mutation: Your body sometimes deteriorates upon taking damage. [a neqoxec]
 11506 | Abyss:1  | Noticed a yellow draconian zealot
 11531 | Abyss:1  | Noticed a tentacled starspawn
 11532 | Abyss:1  | Killed a tentacled starspawn
 11551 | Abyss:1  | Noticed a starcursed mass
 11555 | Abyss:1  | Noticed a thrashing horror
 11561 | Abyss:1  | Slain by a small abomination

Vault maps used:
D:1:      minmay_arrival_shoal_huts, serial_curves, eino_curves_04,
          eino_curves_03, eino_curves_01, corexii_leaking_fountain
D:3:      nicolae_tso_carved_into_rock, lemuel_doored_altar,
          kiku_gazebo_garden_becter, nicolae_overflow_crystal_walls,
          okawaru_gym_becter
D:4:      lemuel_round_altar, bloody_trog, minmay_temple_entry_hall,
          first_bread, makhleb_heckhound_becter
D:5:      kennysheep_mini_moat, fedhas_altar_3, uniq_eustachio, uniq_duvessa
D:6:      gup_sewer_entry_glass, uniq_blork_the_orc
D:7:      grunt_livestock, uniq_joseph
D:8:      lemuel_zombie_altar_yredelemnul, nicolae_looking_at_the_future,
          uniq_pikel, uniq_grum, uniq_erolcha, uniq_psyche
Temple:   circular_temple_pool_8
Abyss:1:  evilmike_abyss_exit_disperse
Sewer:    sewer_sea

Action                   |  1- 3 |  4- 6 |  7- 9 | 10-12 || total
-------------------------+-------+-------+-------+-------++-------
Melee: Spear             |   115 |       |       |       ||   115
       Whip              |       |   243 |   589 |    27 ||   859
       Flail             |       |       |    86 |     3 ||    89
 Fire: Hunting sling     |       |       |       |     4 ||     4
Throw: Throwing net      |     1 |     1 |     1 |       ||     3
Invok: Call Merchant     |       |       |     1 |       ||     1
Evoke: Wand              |       |    12 |    16 |       ||    28
  Use: Scroll            |     4 |     4 |     7 |     5 ||    20
       Potion            |       |       |     3 |     6 ||     9
 Stab: Sleeping          |     4 |     3 |     1 |       ||     8
       Distracted        |       |       |     5 |       ||     5
  Eat: Chunk             |     2 |     4 |       |       ||     6
       Bread ration      |       |     1 |     1 |       ||     2
       Meat ration       |       |     1 |       |       ||     1
       Beef jerky        |       |       |     5 |       ||     5
       Fruit             |       |       |     3 |       ||     3
       Royal jelly       |       |       |     3 |       ||     3
